 Dungeon Crawl Stone Soup version 0.32-a0-975-g85d4e5bfdb (webtiles) character file.

Game seed: 13311618467193655498

288 ezpacito the Chopper (level 6, 0/47 HPs)
             Began as a Coglin Chaos Knight on Apr 19, 2024.
             Was a Plaything of Xom.
             Slain by a gnoll
             ... wielding a +0 flail
             ... led by a gnoll bouda
              (6 damage)
             ... on level 4 of the Dungeon.
             The game lasted 00:02:56 (2154 turns).

ezpacito the Chopper (Coglin Chaos Knight)          Turns: 2154, Time: 00:02:56

Health: 0/47       AC:  6    Str: 14    XL:     6   Next: 31%
Magic:  7/7        EV: 10    Int: 12    God:    Xom [...*..]
Gold:   132        SH:  0    Dex: 13    Spells: 4/7 levels left

rFire   . . .        a - +0 hand axe (chaos) {Li}
rCold   . . .        b - +0 spear {Alejandra}
rNeg    . . .        h - +0 ring mail {Will+}
rPois   .            (no helmet)
rElec   .            (no cloak)
rCorr   .            (no gloves)
SInv    .            e - +0 pair of boots
Will    +....        (amulet unavailable)
Stlth   +            (ring unavailable)
HPRegen 0.27/turn    (ring unavailable)
MPRegen 0.10/turn    (no gizmo)

%: no passive effects
@: weakened, revved
A: off-hand wielding, slow wielding, warmup strikes, no jewellery
a: Invent Gizmo, Renounce Religion


You were on level 4 of the Dungeon.
You worshipped Xom.
You were a favourite toy of Xom.
You visited 1 branch of the dungeon, and saw 4 of its levels.

You collected 132 gold pieces.

Inventory:

Hand Weapons
 a - a +0 hand axe of chaos (weapon) {Li}
 b - a +0 spear (offhand) {Alejandra}
Missiles
 r - 6 poisoned darts (quivered)
 u - 3 javelins
Armour
 e - a +0 pair of boots (worn)
 h - a +0 ring mail of willpower (worn)
 j - a +0 chain mail
 s - a +0 plate armour
Talismans
 i - a flux talisman
Wands
 c - a wand of quicksilver (1)
 v - a wand of charming (3)
Scrolls
 k - a scroll of vulnerability {unknown}
 m - a scroll of fear {unknown}
 n - a scroll of amnesia {unknown}
 q - a scroll of teleportation {unknown}
 t - a scroll of identify {unknown}
Potions
 d - a potion of might {unknown}
 f - 2 potions of heal wounds {unknown}
 g - 3 potions of curing {unknown}
 l - a potion of degeneration {unknown}
 o - a potion of attraction {unknown}
 p - a potion of mutation {unknown}
 w - a potion of invisibility {unknown}


   Skills:
 * Level 3.4 Fighting
 * Level 4.0(4.2) Axes
 * Level 1.4(2.7) Polearms
 + Level 0.5 Throwing
 * Level 2.3 Armour
 * Level 2.1 Dodging
 + Level 1.0 Stealth
 + Level 1.0 Spellcasting
 + Level 1.0 Conjurations
 + Level 1.0 Necromancy
 + Level 0.6 Translocations
 + Level 1.1 Alchemy
 + Level 0.5 Evocations
 + Level 0.2 Shapeshifting


You had 4 spell levels left.
You knew the following spells:

 Your Spells              Type           Power      Damage    Failure   Level
a - Necrotise             Necr           12%        1d4       36%         1
b - Sting                 Conj/Alch      12%        1d3       36%         1
g - Apportation           Tloc           4%         N/A       41%         1

Your spell library contained the following spells:

 Spells                   Type           Power      Damage    Failure   Level
 Summon Small Mammal      Summ           0%         N/A       52%         1


Dungeon Overview and Level Annotations

Branches:
Dungeon (4/15)
 Temple: D:4-7

Altars:
Xom


Innate Abilities, Weirdness & Mutations

You can wield a second weapon in your off-hand.
It takes a long time for you to wield or remove held weapons.
Your first few attacks do less damage.
You cannot equip rings or amulets.


Message History

The gnoll is almost dead.
The bolt of dispelling energy hits Eustachio!
Eustachio is moderately wounded.
The gnoll completely misses you. The gnoll hits you with a +0 flail.
* * * LOW HITPOINT WARNING * * *
Eustachio casts a spell.
You take 5 damage, and have 5/47 hp.
Aiming: Quicksilver Bolt
Press: ? - help, Shift-Dir - straight line, f/p - Eustachio
Aim: Eustachio, wielding a +0 rapier and wearing a +0 leather armour (moderately wounded, 60% to hit)
The bolt of dispelling energy hits the iron imp!
You kill the iron imp!
The iron imp disappears in a puff of smoke!
The bolt of dispelling energy hits the gnoll!
You kill the gnoll!
The bolt of dispelling energy hits the gnoll bouda!!
The gnoll bouda is almost dead.
The bolt of dispelling energy hits Eustachio!
Eustachio is severely wounded.
The gnoll bouda barks out a call to the hunt!
The gnoll picks up the pace!
The gnoll hits you but does no damage.
Something shouts, "Out, out, thou artless two-tin-hat maggot-pie!"
Your Conjurations skill increases to level 1!
Aiming: Charm
Press: ? - help, Shift-Dir - straight line, f/p - Eustachio
Aim: Eustachio, wielding a +0 rapier and wearing a +0 leather armour (severely wounded, chance to affect: 50%)
Okay, then.
Aiming: Quicksilver Bolt
Press: ? - help, Shift-Dir - straight line, f/p - Eustachio
Aim: Eustachio, wielding a +0 rapier and wearing a +0 leather armour (severely wounded, 60% to hit)
The bolt of dispelling energy hits the gnoll bouda!
You kill the gnoll bouda!
The bolt of dispelling energy hits Eustachio!
You kill Eustachio!
The bat disappears in a puff of smoke!
The river rat disappears in a puff of smoke!
The rat disappears in a puff of smoke!
The gnoll hits you with a +0 flail.
You die... "This toy is broken."

## #####..# ###
###.##...# ##..
#........#
#....###).§.55#
#..[.#..)5#...###
......§§§.##K5..#
.##.#g.###..§.5### #
#@.##...§5@..### #
#...........#g..<###
#####......5#....#..
#........K......
#........§.g....
#.......#.#.....
...#..######.g.#
...#..# #...# .
##...


You could see a gnoll (swift) and a white imp.

Vanquished Creatures
  Eustachio (D:4)
  A phantom (D:4)
  A gnoll bouda (D:4)
  A sleepcap (D:4)
  Ijyb (D:3)
  3 gnolls
  2 adders (D:2)
  4 dart slugs
  2 orcs (D:3)
  5 endoplasms
  3 giant cockroaches
  10 goblins
  10 hobgoblins
  4 jackals
  4 quokkas
  7 ball pythons
  7 bats
  3 frilled lizards
  10 kobolds
  4 rats
83 creatures vanquished.

Vanquished Creatures (collateral kills)
  2 gnolls (D:4)
2 creatures vanquished.

Grand Total: 85 creatures vanquished

Notes
Turn   | Place    | Note
-------+----------+-------------------------------------------
     0 | D:1      | ezpacito the Coglin Chaos Knight began the quest for the
                  | Orb.
     0 | D:1      | Reached XP level 1. HP: 18/18 MP: 1/1
    49 | D:1      | Reached skill level 1 in Dodging
   100 | D:1      | Reached XP level 2. HP: 24/24 MP: 2/2
   341 | D:1      | Reached XP level 3. HP: 29/29 MP: 3/3
   374 | D:1      | XOM: silly message
   449 | D:1      | Learned a level 1 spell: Apportation
   451 | D:1      | Learned a level 1 spell: Necrotise
   453 | D:1      | Learned a level 1 spell: Sting
   802 | D:2      | Reached XP level 4. HP: 35/35 MP: 5/5
   927 | D:2      | XOM: potion effect (might)
  1050 | D:2      | Reached skill level 1 in Polearms
  1237 | D:2      | Found a faded altar of an unknown god.
  1539 | D:3      | XOM: cloud trail
  1577 | D:3      | Reached XP level 5. HP: 41/41 MP: 6/6
  1592 | D:3      | Noticed Ijyb
  1597 | D:3      | XOM: scenery: create altars
  1603 | D:3      | Killed Ijyb
  2008 | D:4      | XOM: butterfly on damage
  2017 | D:4      | Reached skill level 1 in Spellcasting
  2020 | D:4      | Noticed a phantom
  2023 | D:4      | Noticed Eustachio
  2104 | D:3      | XOM: god gift: wand of quicksilver (4)
  2138 | D:4      | XOM: fake destruction
  2140 | D:4      | Killed a phantom
  2141 | D:4      | Reached skill level 4 in Axes
  2141 | D:4      | Reached skill level 1 in Stealth
  2141 | D:4      | Reached skill level 1 in Necromancy
  2141 | D:4      | Reached skill level 1 in Alchemy
  2141 | D:4      | Reached XP level 6. HP: 27/47 MP: 7/7
  2154 | D:4      | Reached skill level 1 in Conjurations
  2154 | D:4      | Killed Eustachio
  2154 | D:4      | Slain by a gnoll

Illustrated notes

Levels and vault maps discovered:
D:1:      co_arrival_random_square_maze, layout_rooms
D:2:      layout_basic, shapermc_ecumenical_altar_petra
D:3:      minmay_general_purpose_star, layout_rooms, kennysheep_boxes, uniq_ijyb
D:4:      layout_cave_pools, uniq_eustachio

Skill      XL: |  1  2  3  4  5  6 |
---------------+-------------------+-----
Dodging        | 1 2 |  2.1
Armour         | 2 |  2.3
Polearms       | 1 |  1.4
Spellcasting   | 1 |  1.0
Axes           | 4 |  4.0
Stealth        | 1 |  1.0
Necromancy     | 1 |  1.0
Alchemy        | 1 |  1.1
Conjurations   | 1 |  1.0
Fighting       | |  3.4
Throwing       | |  0.5
Translocations | |  0.6
Evocations     | |  0.5
Shapeshifting  | |  0.2

Action                     |  1- 3 |  4- 6 || total
---------------------------+-------+-------++-------
  Melee: Hand axe          |    64 |    85 ||   149
         Dagger            |    34 |       ||    34
         Spear             |    26 |    99 ||   125
  Evoke: Wand              |       |     4 ||     4
    Use: Scroll            |       |     1 ||     1
   Stab: Confused          |       |     3 ||     3
 Armour: Leather armour    |    10 |       ||    10
         Ring mail         |    22 |    73 ||    95
  Dodge: Dodged            |    25 |    47 ||    72

Table legend: (Time is in decaauts)
 A = Elapsed time spent in this place.
 B = Non-inter-level travel time spent in this place.
 C = Inter-level travel time spent in this place.
 D = Time resting spent in this place.
 E = Time spent auto-exploring this place.
 F = Levels seen in this place.
 G = Mean time per level.
                   A        B        C        D        E       F      G
               +--------+--------+--------+--------+--------+-----+--------+
         Total |   2166 |   2019 |    147 |    102 |   1452 |   4 |  541.5 |
       Dungeon |   2166 |   2019 |    147 |    102 |   1452 |   4 |  541.5 |
               +--------+--------+--------+--------+--------+-----+--------+

Top non-repeatable levels by time:
     D:3: 797 daAuts
     D:1: 738 daAuts
     D:2: 537 daAuts
     D:4: 93 daAuts
